 Dungeon Crawl Stone Soup version 0.30-a0-354-g6b83867211 (webtiles) character file.

Game seed: 9030803754550165548

90 ryw the Caller (level 4, -3/24 HPs)
             Began as a Deep Elf Summoner on Nov 8, 2022.
             Killed from afar by Ijyb (12 damage)
             ... with a bolt of dispelling energy
             ... on level 3 of the Dungeon.
             The game lasted 00:06:13 (2606 turns).

ryw the Caller (Deep Elf Summoner)                  Turns: 2606, Time: 00:06:14

Health: -3/24      AC:  3    Str:  5    XL:     4   Next: 32%
Magic:  10/12      EV: 13    Int: 22    God:
Gold:   159        SH:  0    Dex: 15    Spells: 3/12 levels left

rFire   . . .      SeeInvis .    e - +1 short sword
rCold   . . .      Faith    .    (no shield)
rNeg    . . .      Spirit   .    a - +0 robe
rPois   .          Reflect  .    (no helmet)
rElec   .          Harm     .    (no cloak)
rCorr   .          Rampage  .    (no gloves)
Will    .....                    c - +0 pair of boots
Stlth   ++........               (no amulet)
HPRegen 0.24/turn                (no ring)
MPRegen 0.13/turn                (no ring)

@: no status effects
A: no striking features
a: no special abilities


You were on level 3 of the Dungeon.
You visited 1 branch of the dungeon, and saw 3 of its levels.

You collected 159 gold pieces.

Inventory:

Hand Weapons
 e - a +1 short sword (weapon)
 k - a +2 vampiric hand axe
Armour
 a - a +0 robe (worn)
 c - a +0 pair of boots (worn)
Jewellery
 d - a ring of ice
 i - a ring of fire
Scrolls
 g - a scroll of butterflies
 h - a scroll of magic mapping
 j - a scroll of identify
Potions
 b - a potion of magic
 f - a potion of degeneration {unknown}
 l - 2 potions of lignification {unknown}
 m - 3 potions of curing


   Skills:
 + Level 0.1 Fighting
 + Level 2.8 Dodging
 - Level 2.7 Stealth
 + Level 4.6 Spellcasting
 + Level 0.3 Hexes
 + Level 5.3 Summonings


You had 3 spell levels left.
You knew the following spells:

 Your Spells              Type           Power      Damage    Failure   Level
a - Summon Small Mammal   Summ           100%       N/A       1%          1
b - Call Imp              Summ           28%        N/A       1%          2
c - Call Canine Familiar  Summ           28%        N/A       3%          3
d - Summon Guardian Gole  Hex/Summ       17%        N/A       10%         3

Your spell library contained the following spells:

 Spells                   Type           Power      Damage    Failure   Level
 Summon Lightning Spire   Summ/Air       16%        N/A       34%         4


Dungeon Overview and Level Annotations

Branches:
Dungeon (3/15)

Altars:

Shops:
D:2 [

Annotations:
D:3 Ijyb


Message History

Your hound bites the frilled lizard.
The frilled lizard dies!
No target in view!
No target in view!
There is an open door here.
You see here a frilled lizard corpse.
Ijyb the Twisted Goblin comes into view.
She is wielding a +0 dagger and carrying a wand of quicksilver (9).
Casting: Summon Small Mammal (safe; 1% risk of failure)
Confirm with . or Enter, or press ? or * to list all spells.
A beastly little devil appears in a puff of flame.
Your crimson imp blinks!
Your hound bites Ijyb but does no damage.
Ijyb screams, "Me very upset!"
Ijyb closely misses you.
You barely miss Ijyb.
Your hound bites Ijyb.
Your crimson imp hits Ijyb but does no damage.
Ijyb misses you.
You hit Ijyb.
Ijyb is lightly wounded.
Your hound closely misses Ijyb.
Your crimson imp closely misses Ijyb.
Your hound bites Ijyb but does no damage.
Ijyb screams, "It's all mine!"
Ijyb misses you.
You closely miss Ijyb.
Ijyb is lightly wounded.
Your hound bites Ijyb.
Your crimson imp blinks!
Ijyb barely misses you.
You hit Ijyb.
Ijyb is moderately wounded.
Your hound barely misses Ijyb. x2
Ijyb screams, "Me very upset!"
Ijyb zaps a wand.
The bolt of dispelling energy hits you!
Ouch! That really hurt!
You closely miss Ijyb.
Ijyb is moderately wounded.
Your hound bites Ijyb but does no damage.
Ijyb zaps a wand.
The bolt of dispelling energy hits you!
Ouch! That really hurt!
You die...

#############
#...........# #
#...........# .#
###...........####.#
..............†.h.>#####
###.......[..h#.@g......
#......†....##.#.#####
###...........##.# #
..#...........##.#
..#...........##.#
..#.........†.##.#
..#...........##+#
..#...............
..#########.......


You could see Ijyb (ally target) and a friendly hound (summoned).

Vanquished Creatures
  An adder (D:2)
  2 dart slugs
  A giant cockroach (D:3)
  A hobgoblin (D:3)
  A kobold (D:1)
  3 ball pythons
  A frilled lizard (D:1)
  2 rats
12 creatures vanquished.

Vanquished Creatures (collateral kills)
  3 adders
  2 worms
  An orc (D:3)
  2 endoplasms (D:1)
  2 giant cockroaches (D:2)
  6 goblins
  2 hobgoblins
  2 quokkas (D:1)
  3 ball pythons (D:1)
  4 bats
  2 frilled lizards
  2 kobolds (D:1)
  4 rats
35 creatures vanquished.

Grand Total: 47 creatures vanquished

Notes
Turn   | Place    | Note
-------+----------+-------------------------------------------
     0 | D:1      | ryw the Deep Elf Summoner began the quest for the Orb.
     0 | D:1      | Reached XP level 1. HP: 10/10 MP: 6/6
   293 | D:1      | Reached XP level 2. HP: 14/15 MP: 6/8
   297 | D:1      | Learned a level 2 spell: Call Imp
  1006 | D:2      | Reached XP level 3. HP: 19/19 MP: 3/10
  1010 | D:2      | Learned a level 3 spell: Call Canine Familiar
  1058 | D:2      | Found Tuargh's Antique Armour Emporium.
  1470 | D:2      | Reached skill level 5 in Summonings
  1728 | D:2      | Found a faded altar of an unknown god.
  2044 | D:2      | Learned a level 3 spell: Summon Guardian Golem
  2171 | D:3      | Reached XP level 4. HP: 24/24 MP: 4/12
  2599 | D:3      | Noticed Ijyb
  2606 | D:3      | Killed from afar by Ijyb

Illustrated notes

Levels and vault maps discovered:
D:1:      wander_arrival_chamber, layout_loops_cross
D:2:      layout_basic, dilly_ecumenical_altar_fadedgnrine, serial_forest,
          infiniplex_forest_corner_1, infiniplex_forest_lined_4_way,
          infiniplex_forest_lined_room_2, infiniplex_forest_straight_2,
          infiniplex_forest_lined_3, serial_shops,
          nicolae_shop_temple_entry_statues_fountains, lightli_corner_chamber
D:3:      layout_basic, kennysheep_generic_room_9, uniq_ijyb

Skill      XL: |  1  2  3 |
---------------+----------+-----
Spellcasting   | 4 |  4.6
Summonings     | 5 |  5.3
Fighting       | |  0.1
Dodging        | |  2.8
Stealth        | |  2.7
Hexes          | |  0.3

Action                   |  1- 3 |  4- 6 || total
-------------------------+-------+-------++-------
Melee: Short sword       |    30 |    18 ||    48
 Cast: Summon Small Mamm |    22 |     2 ||    24
       Call Imp          |    16 |     2 ||    18
       Call Canine Famil |     7 |     3 ||    10
       Summon Guardian G |       |     2 ||     2
  Use: Scroll            |     7 |       ||     7
 Stab: Distracted        |     2 |       ||     2
Armor: Robe              |    13 |     3 ||    16
Dodge: Dodged            |    39 |    17 ||    56

Table legend: (Time is in decaauts)
 A = Elapsed time spent in this place.
 B = Non-inter-level travel time spent in this place.
 C = Inter-level travel time spent in this place.
 D = Time resting spent in this place.
 E = Time spent auto-exploring this place.
 F = Levels seen in this place.
 G = Mean time per level.
                   A        B        C        D        E       F      G
               +--------+--------+--------+--------+--------+-----+--------+
         Total |   2605 |   2531 |     74 |    140 |   1948 |   3 |  868.3 |
       Dungeon |   2605 |   2531 |     74 |    140 |   1948 |   3 |  868.3 |
               +--------+--------+--------+--------+--------+-----+--------+

Top non-repeatable levels by time:
     D:2: 1230 daAuts
     D:1: 926 daAuts
     D:3: 447 daAuts
